 Dungeon Crawl Stone Soup version 0.30-a0-913-g9934a0ce24 (webtiles) character file.

Game seed: 822176875095590288

135 browni3141 the Firebug (level 4, 0/32 HPs)
             Began as a Demonspawn Fire Elementalist on Mar 20, 2023.
             Slain by a scorpion (4 damage)
             ... on level 6 of the Dungeon.
             The game lasted 00:05:42 (2341 turns).

browni3141 the Firebug (DsFE)                       Turns: 2341, Time: 00:05:42

Health: 0/32       AC:  4    Str:  9    XL:     4   Next: 97%
Magic:  0/7        EV: 12    Int: 18    God:
Gold:   204        SH:  0    Dex: 13    Spells: 2/7 levels left

rFire   . . .      SeeInvis .    (no weapon)
rCold   . . .      Faith    .    (no shield)
rNeg    + . .      Spirit   .    a - +0 robe
rPois   .          Reflect  .    (helmet restricted)
rElec   .          Rampage  .    (no cloak)
rCorr   .                        (no gloves)
Will    .....                    (no boots)
Stlth   ++                       g - amulet of the acrobat
HPRegen 0.25/turn                f - ring of wizardry
MPRegen 0.10/turn                p - ring of positive energy

@: mighty
A: antennae 1, thin metallic scales 1
a: no special abilities


You were on level 6 of the Dungeon.
You visited 1 branch of the dungeon, and saw 4 of its levels.

You collected 204 gold pieces.

Inventory:

Armour
 a - a +0 robe (worn)
Jewellery
 b - a ring of protection from cold
 f - a ring of wizardry (left hand)
 g - an amulet of the acrobat (around neck)
 p - a ring of positive energy (right hand)
Scrolls
 e - a scroll of noise
 h - a scroll of poison
 k - a scroll of magic mapping {unknown}
 n - 2 scrolls of identify {unknown}
 o - a scroll of vulnerability {unknown}
Potions
 c - a potion of degeneration {unknown}
 d - a potion of attraction {unknown}
 i - a potion of might
 l - a potion of ambrosia {unknown}
 m - a potion of curing


   Skills:
 - Level 1.0 Fighting
 - Level 2.0 Dodging
 - Level 2.0 Stealth
 + Level 2.2 Spellcasting
 * Level 2.8 Conjurations
 + Level 0.5 Translocations
 * Level 3.9 Fire Magic


You had 2 spell levels left.
You knew the following spells:

 Your Spells              Type           Power      Damage    Failure   Level
a - Foxfire               Conj/Fire      56%        2x1d6     1%          1
b - Scorch                Fire           32%        2d7       2%          2
c - Blink                 Tloc           8%         N/A       9%          2

Your spell library contained the following spells:

 Spells                   Type           Power      Damage    Failure   Level
 Momentum Strike          Conj/Tloc      16%        3d8       5%          2
 Lesser Beckoning         Tloc           8%         N/A       9%          2
 Inner Flame              Hex/Fire       9%         N/A       10%         3
 Kindle Blastsparks       Fire/Tloc/Air  14%        2d11      12%         3
 Flame Wave               Conj/Fire      14%        2d6       17%         4


Dungeon Overview and Level Annotations

Branches:
Dungeon (3/15)

Altars:
Trog

Annotations:
D:3 Grinder, Natasha


Innate Abilities, Weirdness & Mutations

You have a pair of small antennae on your head.
You are partially covered in thin metallic scales. (AC +2)


Message History

You are lethally poisoned!
The scorpion poisons you!
It was a potion of might.
You feel very mighty all of a sudden.
* * * LOW HITPOINT WARNING * * *
You feel very sick.
The scorpion stings you but does no damage.
It was a potion of curing.
You feel better. The scorpion closely misses you.
Unknown command.
You are too injured to fight recklessly!
You barely miss the scorpion.
The scorpion is moderately wounded.
The scorpion completely misses you.
You are too injured to fight recklessly!
Casting: Foxfire (safe; 1% risk of failure)
Press: ? - help, Q - select action, (/) - cycle Dir - look around, f - activate You conjure some foxfire!
The scorpion stings you. x2
* * * LOW HITPOINT WARNING * * *
Unknown command.
You hit the scorpion.
The scorpion is moderately wounded.
The foxfire hits the scorpion but does no damage.
The scorpion is moderately wounded.
The foxfire hits the scorpion but does no damage.
The scorpion is moderately wounded.
The scorpion closely misses you.
Unknown command.
You hit the scorpion.
The scorpion is severely wounded.
The scorpion barely misses you.
You closely miss the scorpion.
The scorpion is severely wounded.
The scorpion stings you.
* * * LOW HITPOINT WARNING * * *
Unknown command.
You closely miss the scorpion.
The scorpion is severely wounded.
The scorpion stings you.
You die...

....#
###.##############
..#..............#
#.###..####..###.#
#............# #.#
#####....###.# #.#
#..........# #.#
#...#).###.# #.#####
#......###.# #@sY..#
#.._.......###.###.#
.......##.......# #.#
####.####.#####.###.#
#.....# #######


You could see an ice beast and a scorpion.

Vanquished Creatures
  An orc priest (D:3)
  Jessica (D:3)
  Natasha (D:3)
  3 dart slugs
  3 orcs (D:3)
  5 ball pythons
  A bat (D:1)
  7 endoplasms
  2 giant cockroaches (D:2)
  3 goblins (D:1)
  4 hobgoblins
  3 kobolds (D:1)
  A quokka (D:1)
  5 frilled lizards
  4 rats
44 creatures vanquished.

Vanquished Creatures (others)
  137 foxfires
137 creatures vanquished.

Grand Total: 181 creatures vanquished

Notes
Turn   | Place    | Note
-------+----------+-------------------------------------------
     0 | D:1      | browni3141 the Demonspawn Fire Elementalist began the quest
                  | for the Orb.
     0 | D:1      | Reached XP level 1. HP: 13/13 MP: 3/3
   148 | D:1      | Reached skill level 1 in Fighting
   220 | D:1      | Gained mutation: You have a pair of small antennae on your
                  | head. [demonic ancestry]
   220 | D:1      | Reached XP level 2. HP: 21/21 MP: 0/5
   223 | D:1      | Learned a level 2 spell: Scorch
   480 | D:1      | Reached skill level 3 in Fire Magic
   778 | D:1      | Reached XP level 3. HP: 26/26 MP: 2/6
  1850 | D:3      | Noticed Grinder
  1909 | D:3      | Noticed Natasha
  1916 | D:3      | Killed Natasha
  1917 | D:3      | Gained mutation: You are partially covered in thin metallic
                  | scales. (AC +2) [demonic ancestry]
  1917 | D:3      | Reached XP level 4. HP: 10/32 MP: 1/7
  2005 | D:2      | Learned a level 2 spell: Blink
  2155 | D:3      | Noticed Jessica
  2159 | D:3      | Killed Jessica
  2206 | D:3      | Paralysed by Grinder for 4 turns
  2207 | D:3      | Noticed Natasha
  2222 | D:3      | You fall into a shaft and drop 3 floors!
  2227 | D:6      | Noticed an ice beast
  2236 | D:6      | Found a bloodstained altar of Trog.
  2236 | D:6      | Noticed a scorpion
  2341 | D:6      | Slain by a scorpion

Illustrated notes

Levels and vault maps discovered:
D:1:      erik_arrival_blinker_ship, layout_basic, minmay_door_square
D:2:      layout_rooms
D:3:      layout_basic, mainiacjoe_overflow_six_doors_small,
          minmay_misc_feat_ornament, kennysheep_minor_cross, uniq_natasha,
          uniq_jessica, uniq_grinder
D:6:      layout_basic, bloody_trog, minmay_temple_entry_butterflies, uniq_pikel

Skill      XL: |  1  2  3 |
---------------+----------+-----
Fighting       | 1 |  1.0
Stealth        | 2 |  2.0
Dodging        | 2 |  2.0
Fire Magic     | 3 |  3.9
Conjurations   | 2 |  2.8
Spellcasting   | |  2.2
Translocations | |  0.5

Action                     |  1- 3 |  4- 6 || total
---------------------------+-------+-------++-------
  Melee: Unarmed           |    25 |    13 ||    38
   Cast: Foxfire           |    69 |    21 ||    90
         Scorch            |       |     9 ||     9
    Use: Scroll            |     2 |       ||     2
         Potion            |       |     4 ||     4
   Stab: Sleeping          |     1 |       ||     1
 Armour: Robe              |     7 |     6 ||    13
  Dodge: Dodged            |    23 |    45 ||    68

Table legend: (Time is in decaauts)
 A = Elapsed time spent in this place.
 B = Non-inter-level travel time spent in this place.
 C = Inter-level travel time spent in this place.
 D = Time resting spent in this place.
 E = Time spent auto-exploring this place.
 F = Levels seen in this place.
 G = Mean time per level.
                   A        B        C        D        E       F      G
               +--------+--------+--------+--------+--------+-----+--------+
         Total |   2340 |   2271 |     69 |     92 |   1697 |   4 |  585.0 |
       Dungeon |   2340 |   2271 |     69 |     92 |   1697 |   4 |  585.0 |
               +--------+--------+--------+--------+--------+-----+--------+

Top non-repeatable levels by time:
     D:1: 1297 daAuts
     D:2: 572 daAuts
     D:3: 352 daAuts
     D:6: 118 daAuts
